 Dungeon Crawl Stone Soup version 0.30-a0-782-ge64f9170bb (webtiles) character file.

Game seed: 1476350264828774472

9 Dirtsage the Trooper (level 2, -2/24 HPs)
             Began as a Demonspawn Fighter on Feb 26, 2023.
             Slain by a quokka (4 damage)
             ... on level 1 of the Dungeon.
             The game lasted 00:00:37 (285 turns).

Dirtsage the Trooper (Demonspawn Fighter)            Turns: 285, Time: 00:00:38

Health: -2/24      AC:  9    Str: 16    XL:     2   Next: 3%
Magic:  2/2        EV:  8    Int:  9    God:
Gold:   15         SH:  4    Dex: 12    Spells: 1/1 levels left

rFire   . . .      SeeInvis .    a - +0 war axe
rCold   . . .      Faith    .    c - +0 buckler
rNeg    . . .      Spirit   .    b - +0 scale mail
rPois   .          Reflect  .    (no helmet)
rElec   .          Harm     .    (no cloak)
rCorr   .          Rampage  .    e - +0 pair of gloves
Will    .....                    (no boots) Stlth
                                 (no amulet)
HPRegen 0.24/turn                (no ring)
MPRegen 0.08/turn                (no ring)

@: no status effects
A: icy blue scales 1
a: no special abilities


You were on level 1 of the Dungeon.
You visited 1 branch of the dungeon, and saw 1 of its levels.

You collected 15 gold pieces.

Inventory:

Hand Weapons
 a - a +0 war axe (weapon)
Armour
 b - a +0 scale mail (worn)
 c - a +0 buckler (worn)
 e - a +0 pair of gloves (worn)
Scrolls
 f - 2 scrolls of identify {unknown}
 g - a scroll of blinking {unknown}
Potions
 d - a potion of might


   Skills:
 - Level 3.0 Fighting
 + Level 2.5 Axes
 - Level 2.6 Armour
 - Level 2.6 Shields


You had one spell level left.
You didn't know any spells.
Your spell library was empty.

Dungeon Overview and Level Annotations

Branches:
Dungeon (1/15)

Altars:


Innate Abilities, Weirdness & Mutations

You are partially covered in icy blue scales. (AC +2)


Message History

The quokka bites you but does no damage.
There is an open door here.
The quokka attacks as you move away!
The quokka bites you but does no damage.
You barely miss the quokka.
The quokka is heavily wounded.
The quokka bites you.
* * * LOW HITPOINT WARNING * * *
The quokka bites you but does no damage.
You take 4 damage, and have 2/24 hp.
You hit the quokka but do no damage.
The quokka is heavily wounded.
The quokka bites you but does no damage. x2
You miss the quokka.
The quokka is heavily wounded.
The quokka closely misses you.
You miss the quokka.
The quokka is heavily wounded.
The quokka bites you but does no damage.
You block the quokka's attack.
You miss the quokka.
The quokka is heavily wounded.
The quokka barely misses you. You block the quokka's attack.
You closely miss the quokka.
The quokka is heavily wounded.
The quokka bites you but does no damage.
The quokka bites you.
* * * LOW HITPOINT WARNING * * *
You take 3 damage, and have 1/24 hp.
You miss the quokka.
The quokka is heavily wounded.
The quokka barely misses you.
Okay, then.
You have nothing you can fire or use right now.
Unknown command.
Okay, then.
You miss the quokka.
The quokka is heavily wounded.
The quokka bites you.
You die...

#.###.###.# #####.##
#.........# #.#
#..[......# #.#
##.#...##.# #+##
#......#.# #...##
#......#.# ##.....##
#......#.# ##.......#
#........###.........
...........@rK........
######....####..)......
#.#.## ##.......# #.###
##.....## #. #...## #.
#+##


You could see a quokka and a kobold.

Vanquished Creatures
  A bat (D:1)
  A giant cockroach (D:1)
  2 goblins (D:1)
  A kobold (D:1)
  A frilled lizard (D:1)
  2 rats (D:1)
8 creatures vanquished.

Notes
Turn   | Place    | Note
-------+----------+-------------------------------------------
     0 | D:1      | Dirtsage the Demonspawn Fighter began the quest for the
                  | Orb.
     0 | D:1      | Reached XP level 1. HP: 18/18 MP: 1/1
   275 | D:1      | Gained mutation: You are partially covered in icy blue
                  | scales. (AC +2) [demonic ancestry]
   275 | D:1      | Reached XP level 2. HP: 5/24 MP: 2/2
   283 | D:1      | HP: 1/24 [quokka (3)]
   285 | D:1      | Slain by a quokka

Illustrated notes

Levels and vault maps discovered:
D:1:      ebering_trefoil_twist, layout_loops_corners

Skill      XL: |  1 |
---------------+----+-----
Axes           | 2 |  2.5
Fighting       | |  3.0
Armour         | |  2.6
Shields        | |  2.6

Action                     || total
---------------------------++-------
  Melee: War axe           ||    40
 Armour: Scale mail        ||    27
  Dodge: Dodged            ||    14
  Block: Buckler           ||     7

Table legend: (Time is in decaauts)
 A = Elapsed time spent in this place.
 B = Non-inter-level travel time spent in this place.
 C = Inter-level travel time spent in this place.
 D = Time resting spent in this place.
 E = Time spent auto-exploring this place.
 F = Levels seen in this place.
 G = Mean time per level.
                   A        B        C        D        E       F      G
               +--------+--------+--------+--------+--------+-----+--------+
         Total |    301 |    301 |      0 |      0 |    208 |   1 |  301.0 |
       Dungeon |    301 |    301 |      0 |      0 |    208 |   1 |  301.0 |
               +--------+--------+--------+--------+--------+-----+--------+

Top non-repeatable levels by time:
     D:1: 301 daAuts
